 Dungeon Crawl Stone Soup version 0.24.0-123-gd5b16e6ec5 (webtiles) character file.

Game seed: 3845895131244345928, levelgen mode: deterministic

23139 DeadFury222 the Slicer (level 13, -30/86 HPs)
             Began as a Kobold Berserker on Jan 12, 2020.
             Was the Champion of Trog.
             Shot with a bolt by a yaktaur captain (41 damage)
             ... on level 13 of the Dungeon on Jan 13, 2020.
             The game lasted 00:52:17 (16999 turns).

DeadFury222 the Slicer (Kobold Berserker)          Turns: 16999, Time: 00:52:18

Health: -30/86     AC: 17    Str: 18    XL:     13   Next: 32%
Magic:  0/20       EV: 14    Int: 10    God:    Trog [******]
Gold:   739        SH:  0    Dex: 14    Spells: 12/12 levels left

rFire    . . .     SeeInvis +   G - +10 rapier (venom)
rCold    . . .     Gourm    .   (shield restricted)
rNeg     . . .     Faith    .   E - +0 plate armour
rPois    +         Spirit   +   (no helmet)
rElec    .         Reflect  .   (no cloak)
rCorr    .         Harm     .   i - +1 pair of gloves
MR       .....                  e - +1 pair of boots
Stlth    ..........             r - amulet of guardian spirit
HPRegen  0.24/turn              p - ring of see invisible
MPRegen  0.17/turn              J - ring of poison resistance

@: berserk cooldown, very slightly contaminated, slowed, very slow
A: small, carnivore
a: Berserk, Trog's Hand, Brothers in Arms, Renounce Religion


You were on level 13 of the Dungeon.
You worshipped Trog.
Trog was exalted by your worship.
You were very full.

You visited 1 branch of the dungeon, and saw 13 of its levels.

You collected 739 gold pieces.

Inventory:

Hand Weapons
 F - a +4 scimitar of flaming
 G - a +10 rapier of venom (weapon)
 N - a +0 hand crossbow
Armour
 e - a +1 pair of boots (worn)
 i - a +1 pair of gloves (worn)
 E - a +0 plate armour (worn)
Jewellery
 p - a ring of see invisible (left hand)
 r - an amulet of guardian spirit (around neck)
 J - a ring of poison resistance (right hand)
 P - an uncursed ring of protection from fire
Wands
 b - a wand of flame (6)
 s - a wand of digging (7)
 x - a wand of polymorph (14)
 y - a wand of iceblast (7)
 D - a wand of enslavement (20)
 H - a wand of paralysis (11)
 Q - a wand of disintegration (7)
Scrolls
 h - 2 scrolls of amnesia
 k - 5 scrolls of fog
 n - 3 scrolls of magic mapping
 u - 3 scrolls of enchant armour
 v - 2 scrolls of enchant weapon
 I - 2 scrolls of remove curse
 K - 3 scrolls of noise
 L - a scroll of teleportation
Potions
 a - 3 potions of might
 d - 2 potions of flight
 f - 2 potions of lignification
 g - 4 potions of agility
 j - 5 potions of curing
 l - 7 potions of heal wounds
 o - a potion of mutation
 q - a potion of invisibility {unknown}
 w - 3 potions of resistance
 z - 2 potions of haste
 M - 2 potions of degeneration {unknown}
Comestibles
 c - 25 rations


   Skills:
 + Level 12.0 Fighting
 + Level 13.4 Short Blades
 + Level 6.6 Armour
 + Level 12.8 Dodging
 - Level 10.1 Evocations


You had 12 spell levels left.
You didn't know any spells.
Your spell library contained the following spells:

 Spells                   Type           Power        Failure   Level  Hunger
 Magic Dart               Conj           #...         100%        1    ##.....
 Sandblast                Erth           #.....       100%        1    ##.....
 Sting                    Conj/Pois      #...         100%        1    ##.....
 Passwall                 Tmut/Erth      #.......     100%        2    ###....
 Poisonous Vapours        Pois/Air       #.....       100%        2    ###....
 Searing Ray              Conj           #.....       100%        2    ###....
 Dazzling Spray           Conj/Hex       #.....       100%        3    ####...
 Mephitic Cloud           Conj/Pois/Air  #.......     100%        3    ####...
 Stone Arrow              Conj/Erth      #.....       100%        3    ####...
 Force Lance              Conj/Tloc      #.......     100%        4    #####..
 Fulminant Prism          Conj/Hex       #.........   100%        4    #####..
 Iskenderun's Mystic Bla  Conj           #.......     100%        4    #####..
 Olgreb's Toxic Radiance  Pois           #.......     100%        4    #####..
 Petrify                  Tmut/Erth      #.......     100%        4    #####..
 Lee's Rapid Deconstruct  Erth           #.........   100%        5    ######.
 Venom Bolt               Conj/Pois      #.........   100%        5    ######.


Dungeon Overview and Level Annotations

Branches:
Dungeon (13/15)            Temple (0/1) D:4            Lair (0/6) D:9
    Orc (0/2) D:12
 Vaults: D:13-14

Altars:
Ashenzari
Cheibriados
Dithmenos
Elyvilon
Gozag
Hepliaklqana
Kikubaaqudgha
Qazlal
Ru
Trog
Wu Jian
Xom
Yredelemnul
Zin

Shops:
D:9 %   D:11 *

Annotations:
D:5 2 transporters, ciphuk's ghost, amateur DDEE
D:11 3 runed translucent doors, Elellon's ghost, novice HOFi


Innate Abilities, Weirdness & Mutations

You are small and have problems with some larger weapons.
You are carnivorous and can eat meat at any time.


Message History

You see here a bolt.
The yaktaur captain shoots a bolt.
The bolt hits you!
You see here a bolt.
A yaktaur comes into view.
The yaktaur captain shoots a bolt.
The bolt hits you!
* * * LOW HITPOINT WARNING * * *
You see here a bolt.
The yaktaur captain shoots a bolt.
The bolt barely misses you.
A yaktaur comes into view.
The yaktaur wields a +0 arbalest.
The yaktaur shoots a bolt.
The bolt barely misses you.
Blink to where?
Press: ? - help, Dir - move target cursor You are very lightly contaminated with residual magic.
As you read the scroll of blinking, it crumbles to dust.
The gargoyle hurls a stone arrow at you.
The stone arrow hits you!!
* * * LOW HITPOINT WARNING * * *
The yaktaur captain shoots a bolt.
The bolt hits you!!!
You die...

#.............# ##
#.......ccc...# ..
##............^# .
...............# .#
#.............#####.#
#..#####...9.........#
#...#...§(((([....#
+.⌠.'...(.##+###..#
#...#@###.#....#..#
.#####...#.#....#@...
........<.#.#....#....Q
......#...#.#....#######
......#...#.#..... #....
#...#.#...... #....
#...+.#....... #.<.
+...#.#....... #...
#...#


You could see a yaktaur captain, 2 yaktaurs and a gargoyle.

Vanquished Creatures
  Rupert (D:13)
  Erica (D:9)
  3 two-headed ogres
  3 unseen horrors
  An ugly thing (D:11)
  A manticore (D:12)
  A centaur zombie (D:12)
  Joseph (D:7)
  A gargoyle (D:12)
  2 tengu conjurers (D:13)
  A hornet (D:6)
  3 trolls
  10 hippogriffs
  3 wraiths
  A spriggan (D:7)
  8 yaks
  A basilisk (D:11)
  A wyvern (D:11)
  4 vampire mosquitoes
  4 hungry ghosts
  A soldier ant (D:11)
  Menkaure (D:7)
  4 water moccasins
  7 orc warriors
  A black bear (D:5)
  4 sky beasts
  A hornet zombie (D:8)
  A phantom (D:6)
  8 ice beasts
  A boggart (D:11)
  A necrophage (D:10)
  6 ogres
  8 centaurs
  A crocodile (D:11)
  2 big kobolds
  15 bullfrogs
  A wyvern zombie (D:11)
  7 scorpions
  10 wights
  5 howler monkeys
  8 crimson imps
  A bullfrog zombie (D:8)
  A quasit (D:8)
  18 orc wizards
  2 bullfrog skeletons (D:6)
  5 centaur skeletons
  20 orc priests
  4 hounds
  A jelly (D:5)
  4 iguanas
  Ijyb (D:3)
  10 worker ants
  A hound skeleton (D:10)
  2 worker ant zombies
  10 adders
  3 gnolls (D:5)
  3 shadow imps
  An ooze (D:3)
  3 worms
  2 dart slugs
  5 leopard geckos
  71 orcs
  2 ball pythons
  5 bats
  7 giant cockroaches
  9 goblins
  3 hobgoblins
  20 jackals
  8 quokkas
  5 frilled lizards
  A jackal skeleton (D:7)
  10 kobolds
  A leopard gecko skeleton (D:6)
  A quokka skeleton (D:4)
  5 rats
389 creatures vanquished.

Vanquished Creatures (others)
  A quokka (D:5)
1 creature vanquished.

Grand Total: 390 creatures vanquished

Notes
Turn   | Place    | Note
-------+----------+-------------------------------------------
     0 | D:1      | DeadFury222 the Kobold Berserker began the quest for the
                  | Orb.
     0 | D:1      | Reached XP level 1. HP: 14/14 MP: 1/1
    17 | D:1      | Reached XP level 2. HP: 19/19 MP: 2/2
   755 | D:2      | Reached XP level 3. HP: 23/23 MP: 3/3
  1062 | D:2      | Reached skill level 5 in Short Blades
  1403 | D:2      | Noticed an ogre
  1501 | D:2      | Found a sacrificial altar of Ru.
  1607 | D:3      | Found a shattered altar of Ashenzari.
  1826 | D:3      | Reached XP level 4. HP: 29/29 MP: 4/4
  1867 | D:3      | Reached ** piety under Trog
  1941 | D:3      | Reached XP level 5. HP: 33/33 MP: 5/5
  2245 | D:3      | Found a bloodstained altar of Trog.
  2270 | D:3      | Reached skill level 6 in Short Blades
  2355 | D:3      | Noticed Ijyb
  2364 | D:3      | Killed Ijyb
  2726 | D:4      | Reached XP level 6. HP: 39/39 MP: 6/6
  2917 | D:4      | Reached skill level 7 in Short Blades
  3002 | D:4      | Found an opulent altar of Gozag.
  3027 | D:4      | Found a staircase to the Ecumenical Temple.
  3223 | D:4      | Found a hazy altar of Hepliaklqana.
  3276 | D:4      | Found a glowing silver altar of Zin.
  3276 | D:4      | Found an ornate altar of the Wu Jian Council.
  3276 | D:4      | Found a shimmering altar of Xom.
  3427 | D:5      | Entered Level 5 of the Dungeon
  3494 | D:5      | Reached *** piety under Trog
  3573 | D:5      | Reached XP level 7. HP: 41/44 MP: 7/7
  3658 | D:5      | Found a white marble altar of Elyvilon.
  3751 | D:5      | Reached skill level 5 in Fighting
  3989 | D:5      | Reached skill level 8 in Short Blades
  3989 | D:5      | Reached skill level 5 in Dodging
  4177 | D:5      | Noticed ciphuk's ghost (amateur DDEE)
  4178 | D:5      | Found the +6 lightning scales {run, rElec}
  4183 | D:5      | Found a transporter.
  4195 | D:5      | Found a transporter.
  4241 | D:5      | Reached XP level 8. HP: 50/50 MP: 6/8
  4920 | D:5      | Found the amulet of the Air {Inacc +Fly rElec EV+5 RMsl}
  5042 | D:6      | Reached skill level 9 in Short Blades
  5469 | D:6      | Found a stormy altar of Qazlal.
  5763 | D:6      | Reached skill level 1 in Evocations
  5775 | D:6      | Reached skill level 10 in Short Blades
  5916 | D:6      | Noticed a hornet
  5919 | D:6      | Paralysed by a hornet for 3 turns
  5930 | D:6      | Killed a hornet
  5930 | D:6      | Reached XP level 9. HP: 50/56 MP: 5/10
  6492 | D:6      | Reached skill level 11 in Short Blades
  6564 | D:6      | Reached **** piety under Trog
  6754 | D:7      | Noticed Joseph
  6755 | D:7      | Paralysed by Joseph for 2 turns
  6870 | D:7      | Found a glowing silver altar of Zin.
  6999 | D:7      | Noticed a hippogriff
  7031 | D:7      | Noticed a hippogriff
  7046 | D:7      | Noticed a hippogriff
  7087 | D:7      | Noticed a two-headed ogre
  7156 | D:7      | Killed a two-headed ogre
  7156 | D:7      | Reached skill level 12 in Short Blades
  7156 | D:7      | Reached skill level 5 in Evocations
  7156 | D:7      | Reached XP level 10. HP: 16/64 MP: 2/13
  7819 | D:7      | Killed Joseph
  7901 | D:7      | Found a snail-covered altar of Cheibriados.
  8346 | D:7      | Noticed Menkaure
  8357 | D:7      | Killed Menkaure
  9439 | D:7      | Reached XP level 11. HP: 58/71 MP: 12/16
 10185 | D:8      | Reached skill level 10 in Dodging
 10916 | D:9      | Found Naschube's Food Boutique.
 10937 | D:9      | Found an ancient bone altar of Kikubaaqudgha.
 10984 | D:9      | Noticed Erica
 11051 | D:8      | Reached ***** piety under Trog
 11132 | D:9      | Killed Erica
 11395 | D:9      | Found a staircase to the Lair.
 11439 | D:9      | Reached skill level 10 in Fighting
 11623 | D:9      | Found a basalt altar of Yredelemnul.
 11693 | D:9      | Found a shadowy altar of Dithmenos.
 11870 | D:9      | Noticed a two-headed ogre
 11880 | D:9      | Killed a two-headed ogre
 12327 | D:10     | Entered Level 10 of the Dungeon
 12694 | D:10     | Reached XP level 12. HP: 65/78 MP: 16/18
 13640 | D:11     | Found a runed translucent door.
 13640 | D:11     | Noticed Elellon's ghost (novice HOFi)
 13741 | D:11     | Noticed an unseen horror
 13760 | D:11     | Killed an unseen horror
 13760 | D:11     | Reached skill level 5 in Armour
 13907 | D:11     | Found a large runed translucent door.
 13908 | D:11     | Found a large runed translucent door.
 14156 | D:11     | Reached skill level 10 in Evocations
 14408 | D:11     | Found Nuacwoh's Elemental Accessories.
 14519 | D:11     | Found a large runed translucent door.
 14519 | D:11     | Found a large runed translucent door.
 14641 | D:11     | Received a gift from Trog
 16144 | D:12     | Found a staircase to the Orcish Mines.
 16234 | D:12     | Identified the +2 flail of the Candle {vamp, *Corrode +Inv
                  | rC++ rN+++}
 16367 | D:12     | Noticed a two-headed ogre
 16381 | D:12     | Killed a two-headed ogre
 16455 | D:12     | Noticed an unseen horror
 16472 | D:12     | Killed an unseen horror
 16472 | D:12     | Reached XP level 13. HP: 72/84 MP: 17/20
 16612 | D:12     | Reached skill level 13 in Short Blades
 16743 | D:12     | Reached ****** piety under Trog
 16961 | D:13     | Noticed Rupert
 16981 | D:13     | Killed Rupert
 16993 | D:13     | Noticed a yaktaur captain
 16999 | D:13     | Shot with a bolt by a yaktaur captain

Levels and vault maps discovered:
D:1:      ncdulo_halloftheorcs, layout_loops_ring, serial_park_tiny_2,
          corexii_hall_statues_i, kennysheep_minor_cross
D:2:      layout_loops_cross, lemuel_coloured_pillars_altar, first_ration,
          lightli_corner_chamber
D:3:      layout_loops_ring, nicolae_ashenzari_panopticon,
          lightli_temple_of_fire, uniq_ijyb
D:4:      layout_cave_pools, nicolae_overflow_crystal_walls,
          gammafunk_temple_overflow_forgotten,
          nicolae_gozag_cash_rules_everything_around_me,
          minmay_temple_entry_proselytizer, minmay_misc_feat_four_crosses
D:5:      black_bear_nest_2, layout_layer_cave, elyvilon_altar_4,
          gammafunk_ghost_arena
D:6:      cheibrodos_barr_body, layout_rooms, lemuel_doored_altar
D:7:      minmay_clustersquares, layout_loops_ring, basic_altar, the_bakery,
          chei_slow_surprise, uniq_menkaure, uniq_joseph
D:8:      layout_cave_pools
D:9:      layout_rooms, marbit_many_paths, yredelemnul_altar_generic,
          overflow_temple_1_default, dpeg_oklobed_lair, serial_shops, shop,
          grunt_ministairs_7, uniq_erica
D:10:     layout_long_grid, minmay_misc_feat_pillars, pond
D:11:     layout_irregular_city, gammafunk_ghost_grave, grunt_ministairs_5,
          nicolae_elemental_shop, minmay_misc_feat_plants,
          minmay_misc_feat_rows, minmay_hollow_rounded_squares
D:12:     layout_loops_ring, hiddenorc2_lemuel
D:13:     layout_irregular_city, david_vaults_2, minmay_misc_feat_room,
          kennysheep_island_fort, uniq_rupert

Skill      XL: |  1  2  3  4  5  6  7  8  9 10 11 12 13 |
---------------+----------------------------------------+-----
Dodging        | 3 4 5 6 8 9 11 12 | 12.8
Short Blades   | 5 6 7 8 10 12 13 | 13.4
Fighting       | 4 5 6 7 9 10 11 12 | 12.0
Evocations     | 2 5 7 9 10 | 10.1
Armour         | 2 4 6 |  6.6

Action                   |  1- 3 |  4- 6 |  7- 9 | 10-12 | 13-15 || total
-------------------------+-------+-------+-------+-------+-------++-------
Melee: Short sword       |    49 |       |       |       |       ||    49
       Dagger            |    67 |   171 |   430 |  1331 |       ||  1999
       Rapier            |       |       |       |   197 |    63 ||   260
Invok: Berserk           |       |     4 |     9 |    22 |     2 ||    37
Evoke: Wand              |       |       |       |     9 |       ||     9
  Use: Scroll            |       |    10 |       |    15 |     4 ||    29
       Potion            |       |       |     2 |       |       ||     2
 Stab: Sleeping          |     3 |       |       |       |       ||     3
  Eat: Chunk             |    11 |     8 |    23 |    76 |     2 ||   120
Armor: Animal skin       |    22 |     2 |       |       |       ||    24
       Scale mail        |       |    23 |    75 |    25 |       ||   123
       Plate armour      |       |       |       |   447 |    21 ||   468
       Skin              |       |       |       |    11 |       ||    11
Dodge: Dodged            |    89 |    75 |   161 |   696 |    24 ||  1045
